AoeStats
← F.Komekita

Enclosed

504739205Analyzed
1v1 RM · 25d ago on Sep 6, 2026· 58m 48s· 2 players
Game mode
Random Map
Map size
Tiny (2 player)
Population
200
Speed
Normal
Resources
Standard
Victory
Conquest
Starting age
Dark Age
Ending age
Imperial Age
RankedLock teamsTeams togetherTeam positionsShared explorationLock speedFull tech treeHidden civsTurbo modeCheats
Victory
Defeat
🇧🇷 Franks · Brazil
655
+14
🇺🇸 Magyars · United States
612
-14
woodman1108
7:41 Loom
11:11 Feudal Age
12:16 Double-Bit Axe
14:29 Horse Collar
16:17 Scale Barding Armor
21:15 Bloodlines
27:04 Castle Age
25:55 Fletching
27:12 Padded Archer Armor
28:10 Wheelbarrow
28:13 Bow Saw
28:14 Heavy Plow
29:14 Thumb Ring
30:27 Fervor
30:34 Light Cavalry
31:23 Husbandry
32:48 Scale Mail Armor
32:40 Town Watch
34:00 Hand Cart
36:14 Bodkin Arrow
36:38 Pikeman
37:51 Chain Barding Armor
39:06 Corvinian Army
42:56 Imperial Age
40:18 Treadmill Crane
41:45 Chain Mail Armor
44:04 Capped Ram
47:24 Conscription
49:58 Plate Barding Armor
49:39 Leather Archer Armor
49:54 Parthian Tactics
51:55 Murder Holes
54:33 Masonry
54:41 Gold Mining
55:27 Crop Rotation
F.Komekita
1:05 Loom
3:08 Loom
12:03 Feudal Age
16:18 Wheelbarrow
22:04 Castle Age
21:42 Scale Mail Armor
23:27 Chain Mail Armor
23:19 Squires
25:34 Double-Bit Axe
29:38 Gold Mining
29:59 Stone Mining
29:35 Pikeman
30:52 Bow Saw
34:07 Husbandry
34:16 Scale Barding Armor
34:33 Town Watch
39:40 Gold Shaft Mining
42:46 Imperial Age
41:15 Chain Barding Armor
44:01 Halberdier
45:29 Plate Barding Armor
45:16 Cavalier
46:19 Hand Cart
46:46 Cavalier
48:46 Guard Tower
48:55 Murder Holes
50:29 Paladin
52:38 Hoardings
Connection lost

Rejoining the realm…

Still unreachable

The connection could not be restored.

Session expired

The server has moved on; the page needs a fresh start.